 Dungeon Crawl Stone Soup version 0.22-a0-32-ga749362bc3 (webtiles) character file.

419 NixNut the Skirmisher (level 6, -2/58 HPs)
             Began as a Naga Fighter on Jan 3, 2018.
             Slain by an iguana (12 damage)
             ... on level 4 of the Dungeon.
             The game lasted 00:09:26 (3809 turns).

NixNut the Skirmisher (Naga Fighter)                Turns: 3809, Time: 00:09:27

Health: -2/58      AC:  7    Str: 20    XL:     6   Next: 93%
Magic:  6/6        EV:  3    Int:  8    God:
Gold:   200        SH:  9    Dex: 11    Spells: 5/5 levels left

rFire    . . .     SeeInvis +   a - +0 trident
rCold    . . .     Gourm    .   c - +0 shield
rNeg     . . .     Faith    .   l - +0 chain mail
rPois    +         Spirit   .   (no helmet)
rElec    .         Reflect  .   (no cloak)
rCorr    .         Harm     .   (no gloves)
MR       .....     Rnd*Tele +   (no barding)
Stlth    ..........             (no amulet)
HPRegen  0.19/turn              m - ring of teleportation
MPRegen  0.10/turn              (no ring)

@: very slow
A: large, see invisible, deformed body, poison resistance, slowness 2, slow
metabolism 1, spit poison 1, AC +2
a: Spit Poison


You were on level 4 of the Dungeon.
You were not hungry.

You visited 1 branch of the dungeon, and saw 4 of its levels.

You collected 200 gold pieces.

Inventory:

Hand Weapons
 a - a +0 trident (weapon)
Armour
 b - a +0 scale mail
 c - a +0 shield (worn)
 d - a +0 helmet
 l - a +0 chain mail (worn)
Jewellery
 m - a ring of teleportation (left hand)
Scrolls
 g - 2 scrolls of noise
 h - a scroll of fear
 j - a scroll of remove curse
 n - a scroll of identify
 o - a scroll of fog {unknown}
 s - a scroll of random uselessness {unknown}
Potions
 e - a potion of lignification {unknown}
 i - 3 potions of magic
 k - a potion of curing {unknown}
 p - a potion of heal wounds
Comestibles
 f - 6 rations


   Skills:
 + Level 4.5 Fighting
 + Level 3.9 Polearms
 + Level 3.7 Armour
 + Level 3.7 Shields


You had 5 spell levels left.
You didn't know any spells.

Dungeon Overview and Level Annotations

Branches:
Dungeon (4/15)
 Temple: D:4-7

Altars:
Xom
Beogh

Shops:
D:4 ?


Innate Abilities, Weirdness & Mutations

You cannot wear boots.
Your serpentine skin is tough. (AC +2)
You have supernaturally acute eyesight. (SInv)
Armour fits poorly on your strangely shaped body.
Your system is resistant to poisons. (rPois)
You cover ground very slowly.
You have a slow metabolism.
You can spit poison.


Message History

You hit the giant cockroach.
You kill the giant cockroach!
You start resting.
You hear the rapid rusting of a drain.
You start resting.
You are suddenly yanked towards some nearby monsters!
Your surroundings suddenly seem different.
A leopard gecko comes into view.
The leopard gecko hisses angrily.
Found a glowing whip, a helmet and 13 gold pieces.
Found an escape hatch in the floor.
An iguana comes into view.
The leopard gecko bites you but does no damage.
The iguana bites you!
* * * LOW HITPOINT WARNING * * *
You see here a helmet.
d - a helmet The leopard gecko bites you but does no damage.
The iguana bites you!
You die...

#########
#.......# #.
####..>....#
.
#..........#
# #.......#
# #.....@.#
# #....ll##
# +...)..# #
#......... #
#........$.#
#
#..........#
#
#.#........#
#
#.#........#
#
#.#........


You could see an iguana and a leopard gecko.

Vanquished Creatures
  A scorpion (D:4)
  A hound (D:4)
  An orc priest (D:3)
  3 orc wizards
  A worker ant (D:4)
  A hound zombie (D:3)
  7 adders
  2 oozes (D:1)
  4 worms
  2 dart slugs (D:1)
  2 leopard geckos (D:2)
  8 orcs
  2 ball pythons (D:1)
  4 giant cockroaches
  6 goblins
  10 hobgoblins
  9 jackals
  11 bats
  4 frilled lizards
  7 kobolds
  A leopard gecko skeleton (D:4)
  8 rats
95 creatures vanquished.

Vanquished Creatures (others)
  3 fungi (D:4)
3 creatures vanquished.

Grand Total: 98 creatures vanquished

Notes
Turn   | Place    | Note
-------+----------+-------------------------------------------
     0 | D:1      | NixNut the Naga Fighter began the quest for the Orb.
     0 | D:1      | Reached XP level 1. HP: 21/21 MP: 1/1
   285 | D:1      | Reached XP level 2. HP: 28/28 MP: 2/2
   516 | D:1      | Reached XP level 3. HP: 29/34 MP: 3/3
   782 | D:1      | Found a shimmering altar of Xom.
  1422 | D:2      | Reached XP level 4. HP: 33/42 MP: 4/4
  2676 | D:3      | Reached XP level 5. HP: 45/50 MP: 5/5
  2891 | D:3      | Found a roughly hewn altar of Beogh.
  2901 | D:3      | Reached skill level 4 in Fighting
  3427 | D:4      | Reached XP level 6. HP: 57/57 MP: 6/6
  3510 | D:4      | Found Fomed's Magic Scroll Boutique.
  3555 | D:4      | HP: 1/58 [orc wizard/magic dart (4)]
  3809 | D:4      | Slain by an iguana

Vault maps used:
D:1:      erik_arrival_gehennom, hangedman_decor_riveting, minmay_statues_item,
          xom_teletrap_fun
D:2:      first_ration, minivault_24
D:3:      kennysheep_orc_chapel
D:4:      serial_aquarium, aquarium_bridge_straight, aquarium_window_1,
          aquarium_window_corner, aquarium_view_2b, aquarium_view_2b,
          aquarium_pool_corner, serial_shops, shop, gup_sewer_entry_pipe

Skill      XL: |  1  2  3  4  5 |
---------------+----------------+-----
Armour         | 3 |  3.7
Shields        | 3 |  3.7
Polearms       | 3 |  3.9
Fighting       | 4 |  4.5

Action                   |  1- 3 |  4- 6 || total
-------------------------+-------+-------++-------
Melee: Trident           |   151 |   309 ||   460
  Use: Scroll            |       |     6 ||     6
       Potion            |       |     2 ||     2
  Eat: Chunk             |     1 |     7 ||     8
Armor: Scale mail        |    52 |       ||    52
       Chain mail        |    14 |   176 ||   190
Dodge: Dodged            |    25 |    37 ||    62
Block: Shield            |    72 |   166 ||   238

Table legend:
 A = Spawn XP
 B = Non-spawn XP
 C = Spawn XP percentage of total XP
 D = Spawn monster count
 E = Non-spawn monster count
 F = Spawn count percentage of total count
 G = Total turns spent on level
                    A         B        C        D         E        F      G
               +---------+---------+-------+---------+---------+-------+---------
         Total |       0 |     599 |   0.0 |       0 |      95 |   0.0 |  3809
               +---------+---------+-------+---------+---------+-------+---------
           D:1 |       0 |      55 |   0.0 |       0 |      26 |   0.0 |  1148
           D:2 |       0 |      86 |   0.0 |       0 |      24 |   0.0 |  1327
           D:3 |       0 |     152 |   0.0 |       0 |      21 |   0.0 |   826
           D:4 |       0 |     306 |   0.0 |       0 |      24 |   0.0 |   508
               +---------+---------+-------+---------+---------+-------+---------
